 Dungeon Crawl Stone Soup version 0.32-a0-975-g85d4e5bfdb (webtiles) character file.

Game seed: 1757250836849259493

695 Armakuni the Charlatan (level 7, -7/55 HPs)
             Began as a Purple Draconian Artificer on Apr 18, 2024.
             Killed by divine providence
             ... invoked by an orc priest
              (9 damage)
             ... on level 4 of the Dungeon on Apr 19, 2024.
             The game lasted 00:08:30 (3756 turns).

Armakuni the Charlatan (Purple Draconian Artificer) Turns: 3756, Time: 00:08:31

Health: -7/55      AC:  6    Str: 14    XL:     7   Next: 37%
Magic:  7/7        EV: 11    Int: 13    God:
Gold:   203        SH:  0    Dex: 12    Spells: 6/6 levels left

rFire   . . .        a - staff of air
rCold   . . .        (no shield)
rNeg    . . .        (body armour unavailable)
rPois   .            (helmet restricted)
rElec   +            (no cloak)
rCorr   .            (no gloves)
SInv    .            (no boots)
Will    +....        (no amulet)
Stlth   +            (no ring)
HPRegen 0.29/turn    (no ring)
MPRegen 0.10/turn

%: no passive effects
@: no status effects
A: nullifying breath, AC +6, unfitting armour, cold-blooded
a: Nullifying Breath, Convert to Beogh


You were on level 4 of the Dungeon.
You visited 1 branch of the dungeon, and saw 4 of its levels.

You collected 203 gold pieces.

Inventory:

Hand Weapons
 b - the +1 sling of Midnight {freeze, Will+ rCorr}
   (You found it on level 2 of the Dungeon)

   Will+:     It increases your willpower.
   rCorr:     It protects you from acid and corrosion.
Magical Staves
 a - a staff of air (weapon)
Wands
 c - a wand of charming (3)
 j - a wand of polymorph (11)
Scrolls
 d - a scroll of poison
 h - a scroll of amnesia
 k - a scroll of immolation {unknown}
 m - a scroll of acquirement {unknown}
 o - a scroll of teleportation {unknown}
 p - a scroll of fog
Potions
 e - a potion of brilliance {unknown}
 f - a potion of magic {unknown}
 g - 2 potions of heal wounds
 i - a potion of enlightenment {unknown}
 l - a potion of degeneration {unknown}
 n - 2 potions of cancellation {unknown}
 q - a potion of ambrosia {unknown}


   Skills:
 - Level 2.0 Fighting
 - Level 1.0(2.6) Maces & Flails
 - Level 3.9(4.0) Staves
 - Level 2.1 Dodging
 - Level 0.8 Stealth
 - Level 5.0 Air Magic
 + Level 5.6 Evocations


You had 6 spell levels left.
You didn't know any spells.
Your spell library contained the following spells:

 Spells                   Type           Power      Damage    Failure   Level
 Cigotuvi's Dreadful Rot  Necr/Alch/Air  12%        N/A       24%         2
 Apportation              Tloc           0%         N/A       30%         1
 Jinxbite                 Hex            0%         N/A       43%         2
 Ignite Poison            Fire/Alch      0%         N/A       97%         4
 Freezing Cloud           Conj/Ice/Air   3%         6-21      99%         5
 Alistair's Intoxication  Alch           0%         N/A       100%        5


Dungeon Overview and Level Annotations

Branches:
Dungeon (4/15)
 Temple: D:4-7

Altars:
Ashenzari
Dithmenos
Hepliaklqana

Shops:
D:4 [

Annotations:
D:3 2 transporters, Takeo's ghost, amateur CoHu


Innate Abilities, Weirdness & Mutations

You can breathe blasts of antimagic.
Your rich purple scales are hard. (AC +6)
You cannot fit into any form of body armour.
You are cold-blooded and may be slowed by cold attacks.


Message History

You hit Menkaure.
You tail-slap Menkaure, but do no damage.
Menkaure is lightly damaged.
You hit Menkaure.
Menkaure is electrocuted.
Your tail-slap misses Menkaure.
Menkaure is moderately damaged.
Menkaure hits you!!
You hit Menkaure.
Menkaure is moderately damaged.
Menkaure closely misses you.
You hit Menkaure.
Menkaure is heavily damaged.
Menkaure calls on the powers of darkness!
Your body is wracked with pain!
You hit Menkaure but do no damage.
You tail-slap Menkaure, but do no damage.
Menkaure is heavily damaged.
Menkaure hits you!!
* * * LOW HITPOINT WARNING * * *
You hit Menkaure but do no damage.
Menkaure is electrocuted.
You tail-slap Menkaure.
Menkaure is heavily damaged.
You hit Menkaure but do no damage.
Menkaure is electrocuted.
Menkaure is severely damaged.
Menkaure misses you.
You hit Menkaure.
Menkaure is electrocuted.
Menkaure is almost destroyed.
An orc comes into view. It is wielding a +0 dagger.
Menkaure gestures at you while chanting.
You resist with significant effort.
You barely miss Menkaure.
Menkaure is almost destroyed.
An orc priest comes into view. It is wielding a +0 dagger.
Menkaure barely misses you.
The orc priest shouts!
The orc priest shouts, "Beogh offers mercy even to people such as you.
Join us and be reborn!"
You hit Menkaure.
You destroy Menkaure!
The orc priest mumbles some strange prayers to Beogh against you.
Beogh smites you!
You die...

##...#.#......########
######.#.####.######
#####....####......#
.......#...........#
..###.##.#####.....###
.....................(
..[##.......##.....###
.÷..........##.....####.
...##..........>@....o.. ..
...#.....###..........o. .. ...
##.#.###.# #............ ..#....
#.#.##.....########.### ..#...
#.#.##..... ...# .... .
##.#.##..... #####.#####.# ##.#
.....##...## #...........#.....
.....##...######.........†.#..#.#
.....##.. #.....................#


You could see 2 orc priests.

Vanquished Creatures
  Menkaure (D:4)
  Duvessa (D:4)
  An ice beast (D:3)
  An ogre (D:4)
  A jelly (D:4)
  An orc priest (D:4)
  An iguana (D:4)
  Natasha (thrice) (D:4)
  2 adders
  4 gnolls
  2 dart slugs (D:1)
  A ribbon worm (D:3)
  7 orcs
  10 ball pythons
  8 endoplasms
  A giant cockroach (D:2)
  3 goblins
  9 hobgoblins
  2 jackals (D:1)
  4 quokkas
  5 bats
  A frilled lizard (D:1)
  5 kobolds
  10 rats
84 creatures vanquished.

Vanquished Creatures (collateral kills)
  Dowan (D:4)
  A gnoll bouda (D:4)
  A sleepcap (D:4)
  A gnoll (D:4)
  A ball python (D:2)
  A hobgoblin (D:4)
6 creatures vanquished.

Vanquished Creatures (others)
  2 gnolls
2 creatures vanquished.

Grand Total: 92 creatures vanquished

Notes
Turn   | Place    | Note
-------+----------+-------------------------------------------
     0 | D:1      | Armakuni the Draconian Artificer began the quest for the
                  | Orb.
     0 | D:1      | Reached XP level 1. HP: 16/16 MP: 1/1
    35 | D:1      | Reached skill level 1 in Maces & Flails
   115 | D:1      | Reached XP level 2. HP: 14/24 MP: 2/2
   477 | D:1      | Reached skill level 1 in Staves
   582 | D:1      | Reached XP level 3. HP: 29/29 MP: 3/3
   902 | D:2      | Identified the +0 ring mail of Xecepokh {Int+3 Dex-5}
   993 | D:2      | Identified the +1 sling of Midnight {freeze, Will+ rCorr}
  1117 | D:2      | Reached XP level 4. HP: 21/36 MP: 4/4
  1869 | D:3      | Found a transporter.
  1960 | D:3      | Noticed Takeo's ghost (amateur CoHu)
  1968 | D:3      | Found a transporter.
  1968 | D:3      | Noticed an ice beast
  1977 | D:3      | Killed an ice beast
  1978 | D:3      | Reached XP level 5. HP: 29/41 MP: 5/5
  2040 | D:3      | Found a broken altar of Ashenzari.
  2045 | D:3      | Saw a vision of the Swamp and the Spider Nest.
  2045 | D:3      | Noticed a pharaoh ant
  2045 | D:3      | Noticed a demonic crawler
  2045 | D:3      | Noticed a demonic crawler
  2045 | D:3      | Noticed a demonic crawler
  2045 | D:3      | Noticed a jumping spider
  2045 | D:3      | Noticed a culicivora
  2045 | D:3      | Noticed a boulder beetle
  2045 | D:3      | Noticed a tarantella
  2045 | D:3      | Noticed a tarantella
  2045 | D:3      | Noticed a demonic crawler
  2045 | D:3      | Noticed an orb spider
  2045 | D:3      | Noticed a redback
  2045 | D:3      | Noticed a steelbarb worm
  2045 | D:3      | Noticed a broodmother
  2045 | D:3      | Noticed a swamp dragon
  2046 | D:3      | Noticed a culicivora
  2046 | D:3      | Noticed a tarantella
  2046 | D:3      | Noticed a culicivora
  2046 | D:3      | Noticed a wolf spider
  2046 | D:3      | Noticed a spriggan rider
  2047 | D:3      | Noticed a redback
  2227 | D:3      | Found a shadowy altar of Dithmenos.
  2616 | D:3      | Identified the +1 chain mail of Tartarus {rF++ rC++ Int-4}
  2646 | D:4      | Noticed an ogre
  2652 | D:4      | Killed an ogre
  2653 | D:4      | Reached skill level 5 in Evocations
  2653 | D:4      | Reached XP level 6. HP: 31/48 MP: 6/6
  2666 | D:4      | Reached skill level 1 in Air Magic
  2672 | D:4      | Noticed Duvessa
  2686 | D:4      | Noticed Dowan
  2697 | D:4      | Killed Dowan
  2701 | D:4      | Killed Duvessa
  2779 | D:4      | Found a hazy altar of Hepliaklqana.
  3043 | D:4      | Noticed Natasha
  3051 | D:4      | Killed Natasha
  3052 | D:4      | Your scales start taking on a rich purple colour.
  3052 | D:4      | Reached XP level 7. HP: 22/55 MP: 7/7
  3067 | D:4      | HP: 2/55 [sleepcap (18)]
  3426 | D:4      | Found Ziemih's Antique Armour Shoppe.
  3505 | D:4      | Noticed Natasha
  3620 | D:4      | Killed Natasha
  3621 | D:4      | Reached skill level 5 in Air Magic
  3657 | D:4      | Noticed Natasha
  3670 | D:4      | Killed Natasha
  3741 | D:4      | Noticed Menkaure
  3751 | D:4      | HP: 1/55 [Menkaure (18)]
  3756 | D:4      | Killed Menkaure
  3756 | D:4      | Killed from afar by an orc priest

Illustrated notes

Levels and vault maps discovered:
D:1:      lightli_arrival_isolated_outpost, layout_basic
D:2:      layout_basic
D:3:      layout_basic, lemuel_round_altar, grunt_ashenzari_visionary
          [grunt_ashenzari_visionary_swamp, grunt_ashenzari_visionary_spider],
          gammafunk_ghost_stat_death, chequers_serial_rivers_room_a
D:4:      layout_basic, lemuel_tele_altar, serial_shops, shop, uniq_menkaure,
          uniq_natasha, uniq_duvessa

Skill      XL: |  1  2  3  4  5  6  7 |
---------------+----------------------+-----
Maces & Flails | 1 |  1.0
Fighting       | 2 |  2.0
Staves         | 1 2 3 |  3.9
Evocations     | 4 5 |  5.6
Air Magic      | 3 5 |  5.0
Dodging        | |  2.1
Stealth        | |  0.8

Action                     |  1- 3 |  4- 6 |  7- 9 || total
---------------------------+-------+-------+-------++-------
  Melee: Club              |   123 |       |       ||   123
         Tailslap          |    12 |     3 |    10 ||    25
         Staff             |       |    12 |    66 ||    78
   Fire: Sling             |    23 |    76 |       ||    99
Ability: Nullifying Breath |       |       |     1 ||     1
  Evoke: Wand              |     7 |    23 |     2 ||    32
    Use: Scroll            |     4 |       |     2 ||     6
   Stab: Sleeping          |     4 |       |     2 ||     6
 Armour: Skin              |   116 |    30 |    24 ||   170
  Dodge: Dodged            |   135 |    27 |    35 ||   197

Table legend: (Time is in decaauts)
 A = Elapsed time spent in this place.
 B = Non-inter-level travel time spent in this place.
 C = Inter-level travel time spent in this place.
 D = Time resting spent in this place.
 E = Time spent auto-exploring this place.
 F = Levels seen in this place.
 G = Mean time per level.
                   A        B        C        D        E       F      G
               +--------+--------+--------+--------+--------+-----+--------+
         Total |   3843 |   3728 |    115 |    263 |   2316 |   4 |  960.8 |
       Dungeon |   3843 |   3728 |    115 |    263 |   2316 |   4 |  960.8 |
               +--------+--------+--------+--------+--------+-----+--------+

Top non-repeatable levels by time:
     D:4: 1142 daAuts
     D:1: 928 daAuts
     D:3: 908 daAuts
     D:2: 863 daAuts
